[ AOE2 MATCH · #485658832 ]
UnrankedMongols vs Maya
Player's team · LOSS
Rival team · WIN
[ REPLAY ANALYSIS · EXTRACTED FROM THE RECORDED GAME ]
Feudal
9:01
Castle
22:09
Imperial
—
| APM avg | 79.9 |
| APM peak | 155 |
| eAPM avg | 47.0 |
| Villagers / military | 88 / 66 |
Focus
⚔️ 74.2% · 🌾 25.8%
Mangudai ×47 · Archer ×10 · Scout Cavalry ×5 · Mangonel ×4
Feudal
13:16
Castle
20:59
Imperial
38:16
| APM avg | 55.7 |
| APM peak | 103 |
| eAPM avg | 24.8 |
| Villagers / military | 103 / 108 |
Focus
⚔️ 43.9% · 🌾 56.1%
Archer ×76 · Eagle Scout ×17 · Militia ×8 · Mangonel ×4 · Spearman ×2 · Battering Ram ×1
Match map
Initial resources + every placement click. Lines = walls · curves = elevation contours. ◆ gold · ⬟ stone · ● berries · ✦ relic · ◌ wall gap
Your base· ✓ Closed at 22:09 · 27t walls · no gate
Champi Warrior's base· ✓ Closed at 20:59 · 70t walls · 1 gate(s)
Smoothed initial terrain · ◌ = detected wall gap · hover for details
Inputs per minute
— _RaiD__ - - Champi Warrior
Build order — _RaiD__
First 150 of 264 actions detected
| 0:01 | Create | Villager (Male) ×4 |
| 0:02 | Build | House |
| 0:04 | Build | House |
| 1:31 | Create | Villager (Male) |
| 1:32 | Create | Villager (Male) |
| 1:59 | Create | Villager (Male) |
| 1:59 | Create | Villager (Male) |
| 2:27 | Create | Villager (Male) |
| 2:27 | Create | Villager (Male) |
| 2:50 | Create | Villager (Male) |
| 3:15 | Create | Villager (Male) |
| 3:26 | Create | Villager (Male) |
| 3:50 | Build | House |
| 4:00 | Create | Villager (Male) |
| 4:03 | Build | Mill |
| 4:15 | Create | Villager (Male) |
| 4:59 | Create | Villager (Male) |
| 5:13 | Create | Villager (Male) |
| 5:13 | Research | Loom |
| 6:24 | Build | Lumber Camp |
| 6:31 | Build | Mill |
| 6:51 | Research | Feudal Age |
| 6:51 | Research | Feudal Age |
| 7:50 | Create | Villager (Male) |
| 8:16 | Build | Barracks |
| 8:30 | Build | House |
| 8:44 | Build | House |
| 9:01 | Age | Feudal Age |
| 9:03 | Create | Villager (Male) |
| 9:09 | Build | Outpost |
| 9:39 | Create | Villager (Male) |
| 9:53 | Build | Stable |
| 10:09 | Build | Palisade Wall |
| 10:11 | Build | Palisade Wall |
| 10:14 | Create | Villager (Male) |
| 10:16 | Create | Scout Cavalry |
| 10:26 | Create | Villager (Male) |
| 10:32 | Create | Scout Cavalry |
| 10:38 | Build | House |
| 10:46 | Create | Scout Cavalry |
| 10:57 | Build | Palisade Wall |
| 10:58 | Create | Villager (Male) |
| 11:13 | Research | Double-Bit Axe |
| 11:13 | Research | Double-Bit Axe |
| 11:20 | Create | Scout Cavalry |
| 11:37 | Create | Villager (Male) |
| 11:52 | Create | Scout Cavalry |
| 11:57 | Create | Villager (Male) |
| 12:06 | Build | Archery Range |
| 12:22 | Build | Palisade Wall |
| 12:25 | Build | Palisade Wall |
| 12:26 | Build | Palisade Wall |
| 12:29 | Create | Villager (Male) |
| 12:34 | Build | Farm |
| 12:49 | Create | Villager (Male) |
| 12:55 | Build | Palisade Wall |
| 12:58 | Build | Mining Camp |
| 13:02 | Create | Archer |
| 13:06 | Build | House |
| 13:08 | Create | Villager (Male) |
| 13:09 | Create | Villager (Male) |
| 13:09 | Create | Villager (Male) |
| 13:41 | Create | Villager (Male) |
| 13:43 | Build | House |
| 13:54 | Build | Farm |
| 13:56 | Create | Archer |
| 14:09 | Build | Farm |
| 14:18 | Build | House |
| 14:19 | Create | Villager (Male) |
| 14:20 | Build | Farm |
| 14:23 | Build | Farm |
| 14:33 | Create | Archer |
| 14:43 | Build | Farm |
| 14:47 | Create | Archer |
| 14:54 | Create | Villager (Male) |
| 15:09 | Build | House |
| 15:19 | Create | Villager (Male) |
| 15:22 | Create | Archer |
| 15:32 | Build | Farm |
| 15:36 | Create | Villager (Male) |
| 15:48 | Create | Villager (Male) |
| 15:51 | Build | House |
| 15:53 | Build | House |
| 15:56 | Build | House |
| 16:00 | Create | Villager (Male) |
| 16:04 | Build | Stone Wall |
| 16:16 | Create | Archer |
| 16:20 | Create | Villager (Male) |
| 16:23 | Build | Market |
| 16:42 | Create | Villager (Male) |
| 16:59 | Create | Archer |
| 17:08 | Build | Farm |
| 17:09 | Build | Farm |
| 17:13 | Create | Villager (Male) |
| 17:19 | Build | Lumber Camp |
| 17:25 | Build | House |
| 17:58 | Build | House |
| 18:18 | Build | Blacksmith |
| 18:21 | Build | Stone Wall |
| 18:24 | Build | House |
| 18:31 | Create | Villager (Male) |
| 19:09 | Build | House |
| 19:18 | Build | House |
| 19:29 | Research | Castle Age |
| 19:29 | Research | Castle Age |
| 19:39 | Build | Farm |
| 19:40 | Create | Archer |
| 19:51 | Build | House |
| 19:53 | Build | Mining Camp |
| 20:02 | Build | Palisade Wall |
| 20:09 | Build | House |
| 20:10 | Build | House |
| 20:23 | Create | Archer |
| 20:30 | Build | Lumber Camp |
| 20:34 | Research | Fletching |
| 20:34 | Research | Fletching |
| 20:36 | Create | Archer |
| 21:25 | Create | Villager (Male) |
| 22:09 | Age | Castle Age |
| 22:12 | Research | Bodkin Arrow |
| 22:47 | Build | Castle |
| 22:57 | Create | Villager (Male) |
| 23:55 | Build | House |
| 23:59 | Create | Villager (Male) |
| 24:00 | Create | Villager (Male) |
| 24:02 | Create | Villager (Male) |
| 24:04 | Create | Mangudai |
| 24:10 | Build | House |
| 24:11 | Build | House |
| 24:12 | Build | Farm |
| 24:15 | Create | Villager (Male) |
| 24:20 | Build | Mining Camp |
| 24:23 | Build | Mining Camp |
| 24:29 | Create | Mangudai |
| 24:41 | Create | Villager (Male) |
| 24:45 | Create | Mangudai |
| 24:54 | Build | Farm |
| 25:24 | Create | Villager (Male) |
| 25:29 | Create | Mangudai |
| 25:29 | Create | Mangudai |
| 25:30 | Create | Mangudai |
| 25:42 | Research | Crossbowman (upgrade) |
| 25:42 | Research | Crossbowman (upgrade) |
| 25:43 | Research | Crossbowman (upgrade) |
| 25:46 | Build | Farm |
| 25:49 | Create | Mangudai |
| 25:56 | Create | Villager (Male) |
| 26:02 | Build | House |
| 26:04 | Build | House |
| 26:14 | Create | Mangudai |
Build order — Champi Warrior
First 150 of 379 actions detected
| 0:01 | Research | Loom |
| 0:01 | Create | Villager (Male) |
| 0:02 | Create | Villager (Male) |
| 0:02 | Create | Villager (Male) |
| 0:02 | Create | Villager (Male) |
| 0:03 | Build | House |
| 0:04 | Build | House |
| 1:33 | Create | Villager (Male) |
| 1:33 | Create | Villager (Male) |
| 2:01 | Create | Villager (Male) |
| 2:01 | Create | Villager (Male) |
| 2:22 | Create | Villager (Male) |
| 2:22 | Create | Villager (Male) |
| 2:49 | Create | Villager (Male) |
| 2:52 | Build | Palisade Wall |
| 2:56 | Build | Lumber Camp |
| 3:00 | Build | Palisade Wall |
| 3:03 | Build | House |
| 3:10 | Build | Palisade Wall |
| 3:12 | Build | Palisade Wall |
| 3:21 | Build | House |
| 3:25 | Build | Palisade Wall |
| 3:27 | Build | Palisade Wall |
| 3:29 | Build | Palisade Wall |
| 3:32 | Create | Villager (Male) |
| 3:41 | Create | Villager (Male) |
| 3:41 | Create | Villager (Male) |
| 4:06 | Create | Villager (Male) |
| 4:06 | Create | Villager (Male) |
| 4:13 | Build | House |
| 4:46 | Create | Villager (Male) |
| 4:47 | Create | Villager (Male) |
| 5:09 | Create | Villager (Male) |
| 5:09 | Create | Villager (Male) |
| 5:50 | Build | House |
| 6:01 | Create | Villager (Male) |
| 6:07 | Build | Barracks |
| 6:38 | Create | Villager (Male) |
| 7:10 | Create | Villager (Male) |
| 7:17 | Create | Militia |
| 7:17 | Create | Militia |
| 7:18 | Create | Militia |
| 7:21 | Build | House |
| 7:36 | Create | Villager (Male) |
| 7:45 | Build | Mill |
| 7:55 | Create | Militia |
| 7:57 | Create | Villager (Male) |
| 8:25 | Create | Militia |
| 8:26 | Create | Villager (Male) |
| 8:28 | Build | Farm |
| 8:30 | Build | Farm |
| 8:42 | Build | House |
| 8:43 | Build | Palisade Wall |
| 8:48 | Create | Villager (Male) |
| 9:03 | Build | Farm |
| 9:16 | Build | Palisade Wall |
| 9:22 | Create | Villager (Male) |
| 9:43 | Create | Villager (Male) |
| 9:50 | Build | Mining Camp |
| 10:11 | Create | Villager (Male) |
| 10:13 | Build | Palisade Wall |
| 10:20 | Build | Farm |
| 10:34 | Create | Villager (Male) |
| 10:49 | Build | Palisade Wall |
| 11:06 | Research | Feudal Age |
| 11:06 | Research | Feudal Age |
| 11:15 | Build | Palisade Wall |
| 11:28 | Build | House |
| 11:30 | Create | Militia |
| 11:33 | Build | Farm |
| 11:36 | Build | Palisade Wall |
| 11:53 | Build | Farm |
| 11:58 | Create | Militia |
| 12:22 | Build | Palisade Wall |
| 12:26 | Create | Militia |
| 12:34 | Build | Palisade Gate |
| 12:36 | Build | Palisade Wall |
| 12:42 | Create | Villager (Male) |
| 12:56 | Build | Farm |
| 12:59 | Build | Farm |
| 13:01 | Build | Farm |
| 13:04 | Build | Farm |
| 13:16 | Age | Feudal Age |
| 13:23 | Research | Man-at-Arms (upgrade) |
| 13:36 | Build | House |
| 13:37 | Build | Palisade Wall |
| 13:45 | Build | House |
| 13:48 | Build | Palisade Wall |
| 13:51 | Create | Villager (Male) |
| 14:09 | Create | Spearman |
| 14:19 | Create | Villager (Male) |
| 14:23 | Build | Farm |
| 14:23 | Research | Double-Bit Axe |
| 14:26 | Build | Farm |
| 14:39 | Create | Spearman |
| 14:42 | Create | Villager (Male) |
| 14:55 | Build | Farm |
| 15:04 | Research | Arson |
| 15:16 | Create | Villager (Male) |
| 15:19 | Build | Palisade Wall |
| 15:44 | Create | Villager (Male) |
| 15:48 | Build | Market |
| 15:59 | Create | Villager (Male) |
| 16:23 | Create | Villager (Male) |
| 16:28 | Build | House |
| 16:31 | Build | House |
| 16:46 | Build | Stone Wall |
| 16:47 | Build | Stone Wall |
| 16:55 | Build | Lumber Camp |
| 17:02 | Build | Palisade Wall |
| 17:06 | Create | Villager (Male) |
| 17:23 | Build | Blacksmith |
| 17:25 | Build | Stone Wall |
| 17:41 | Build | Stone Wall |
| 17:48 | Build | House |
| 18:19 | Research | Castle Age |
| 18:19 | Research | Castle Age |
| 18:28 | Create | Eagle Scout |
| 18:53 | Build | Barracks |
| 19:01 | Research | Scale Mail Armor |
| 19:06 | Build | Farm |
| 19:12 | Build | Barracks |
| 19:26 | Create | Eagle Scout |
| 19:37 | Build | House |
| 19:53 | Create | Eagle Scout |
| 19:53 | Create | Eagle Scout |
| 20:09 | Build | Farm |
| 20:13 | Build | Barracks |
| 20:15 | Research | Gold Mining |
| 20:32 | Create | Eagle Scout |
| 20:39 | Build | Farm |
| 20:59 | Age | Castle Age |
| 21:03 | Research | Eagle Warrior (upgrade) |
| 21:03 | Research | Eagle Warrior (upgrade) |
| 21:06 | Build | Siege Workshop |
| 21:11 | Create | Villager (Male) |
| 21:20 | Research | Squires |
| 21:21 | Create | Eagle Scout |
| 21:21 | Create | Eagle Scout |
| 21:31 | Create | Villager (Male) |
| 21:39 | Build | Palisade Wall |
| 21:41 | Build | Palisade Wall |
| 21:43 | Build | Palisade Wall |
| 22:00 | Create | Mangonel |
| 22:05 | Create | Villager (Male) |
| 22:12 | Create | Eagle Scout |
| 22:12 | Create | Eagle Scout |
| 22:20 | Create | Villager (Male) |
| 22:27 | Build | Town Center |
| 22:37 | Create | Eagle Scout |
Match timeline
| 2:52 | Champi Warrior · wall_segment Palisade Wall x1 |
| 3:00 | Champi Warrior · wall_segment Palisade Wall x1 |
| 3:10 | Champi Warrior · wall_segment Palisade Wall x1 |
| 3:12 | Champi Warrior · wall_segment Palisade Wall x1 |
| 3:25 | Champi Warrior · wall_segment Palisade Wall x1 |
| 3:27 | Champi Warrior · wall_segment Palisade Wall x1 |
| 3:29 | Champi Warrior · wall_segment Palisade Wall x1 |
| 6:07 | Champi Warrior · first_building Barracks |
| 8:16 | _RaiD__ · first_building Barracks |
| 8:43 | Champi Warrior · wall_segment Palisade Wall x1 |
| 9:01 | _RaiD__ · age_up feudal |
| 9:16 | Champi Warrior · wall_segment Palisade Wall x8 |
| 9:53 | _RaiD__ · first_building Stable |
| 10:09 | _RaiD__ · wall_segment Palisade Wall x1 |
| 10:11 | _RaiD__ · wall_segment Palisade Wall x1 |
| 10:13 | Champi Warrior · wall_segment Palisade Wall x1 |
| 10:49 | Champi Warrior · wall_segment Palisade Wall x8 |
| 10:57 | _RaiD__ · wall_segment Palisade Wall x5 |
| 11:15 | Champi Warrior · wall_segment Palisade Wall x10 |
| 11:36 | Champi Warrior · wall_segment Palisade Wall x11 |
| 12:06 | _RaiD__ · first_building Archery Range |
| 12:22 | Champi Warrior · wall_segment Palisade Wall x12 |
| 12:22 | _RaiD__ · wall_segment Palisade Wall x3 |
| 12:25 | _RaiD__ · wall_segment Palisade Wall x1 |
| 12:26 | _RaiD__ · wall_segment Palisade Wall x1 |
| 12:36 | Champi Warrior · wall_segment Palisade Wall x1 |
| 12:55 | _RaiD__ · wall_segment Palisade Wall x7 |
| 13:16 | Champi Warrior · age_up feudal |
| 13:37 | Champi Warrior · wall_segment Palisade Wall x1 |
| 13:48 | Champi Warrior · wall_segment Palisade Wall x1 |
| 15:19 | Champi Warrior · wall_segment Palisade Wall x1 |
| 16:04 | _RaiD__ · wall_segment Stone Wall x1 |
| 16:46 | Champi Warrior · wall_segment Stone Wall x1 |
| 16:47 | Champi Warrior · wall_segment Stone Wall x1 |
| 17:02 | Champi Warrior · wall_segment Palisade Wall x4 |
| 17:21 | Champi Warrior · first_market_buy 100 wood |
| 17:25 | Champi Warrior · wall_segment Stone Wall x1 |
| 17:41 | Champi Warrior · wall_segment Stone Wall x2 |
| 18:21 | _RaiD__ · wall_segment Stone Wall x1 |
| 18:28 | _RaiD__ · first_market_sell 500 stone |
| 18:29 | _RaiD__ · first_market_buy 100 food |
| 20:02 | _RaiD__ · wall_segment Palisade Wall x6 |
| 20:59 | Champi Warrior · age_up castle |
| 21:06 | Champi Warrior · first_building Siege Workshop |
| 21:39 | Champi Warrior · wall_segment Palisade Wall x1 |
| 21:41 | Champi Warrior · wall_segment Palisade Wall x1 |
| 21:43 | Champi Warrior · wall_segment Palisade Wall x1 |
| 22:09 | _RaiD__ · age_up castle |
| 22:47 | _RaiD__ · first_building Castle |
| 24:15 | Champi Warrior · first_building Archery Range |
| 25:44 | Champi Warrior · wall_segment Palisade Wall x1 |
| 32:17 | _RaiD__ · first_building Siege Workshop |
| 38:16 | Champi Warrior · age_up imperial |
| 39:25 | Champi Warrior · first_market_sell 100 wood |
| 40:24 | _RaiD__ · resign |
[ AI ANALYSIS · 1 CREDIT ]
What really happened in this match?
Wolo.gg analyzes every decision: build order, eco, micro, common mistakes by bracket. Personalized analysis on WhatsApp or Discord in 30 seconds.
Civ guide
Mongols
Perfil
Jugador #4375138